 Dungeon Sprint DCSS version 0.19.1-1-g22dce08 (webtiles) character file.

13400000 eldor the Conqueror (level 27, -20/273 HPs)
             Began as a Ghoul Warper on Jan 6, 2017.
             Was the Champion of Makhleb.
             Demolished by The Defiler
             ... wielding a +9 demon whip of slashing
              (60 damage)
             ... in the Dungeon (Sprint VIII: "Arena of Blood").
             The game lasted 00:05:09 (134 turns).

eldor the Conqueror (Ghoul Warper)                   Turns: 134, Time: 00:05:10

Health: -20/273    AC:  6    Str: 19    XL:     27
Magic:  36/53      EV: 32    Int:  8    God:    Makhleb [******]
Gold:   0          SH:  0    Dex: 17    Spells: 0 memorised, 80 levels left

rFire  . . .     SeeInvis +     l - +∞ Axe of Woe
rCold  + . .     Gourm    .     b - +0 leather armour
rNeg   + + +     Faith    .     (shield currently unavailable)
rPois  ∞         Spirit   .     (no helmet)
rElec  .         Reflect  .     (no cloak)
rCorr  .         Harm     .     (no gloves)
MR     ++...     NoTele   +     (no boots)
Stlth  +++++++++.               (no amulet)
                                (no ring)
                                m - ring of see invisible

@: rotting, slowed, very slow
A: rotting body, claws 1, carnivore 3, cold resistance 1, negative energy
resistance 3, slow regeneration 1, torment resistance, unbreathing
a: Minor Destruction, Lesser Servant of Makhleb, Major Destruction, Greater
Servant of Makhleb, Renounce Religion


You were in the Dungeon.
You worshipped Makhleb.
Makhleb was exalted by your worship.
You were not hungry.

You visited 1 branch

Inventory:

Hand Weapons
 a - a +0 hand axe
 l - the +∞ Axe of Woe (weapon)
   (You found it in the Dungeon)
Missiles
 e - 5 tomahawks of dispersal (quivered)
Armour
 b - a +0 leather armour (worn)
Jewellery
 m - a ring of see invisible (left claw)
Scrolls
 d - 2 scrolls of blinking
Potions
 g - a potion of curing
 h - a potion of heal wounds
 i - a potion of haste
 j - 2 potions of magic
 k - a potion of berserk rage
Books
 c - a book of Spatial Translocations

   Spells                             Type                      Level
   a - Blink                          Translocation                2
   b - Shroud of Golubria             Charms/Translocation         2
   c - Lesser Beckoning               Translocation                3
   d - Portal Projectile              Translocation                3
   e - Teleport Other                 Translocation                3
   f - Passage of Golubria            Translocation                4
Comestibles
 f - a meat ration


   Skills:
 O Level 27 Fighting
 O Level 27 Axes
 O Level 27 Throwing
 O Level 27 Armour
 O Level 27 Dodging
 O Level 27 Stealth
 O Level 27 Unarmed Combat
 O Level 27 Spellcasting
   Level 2.6 Translocations
 O Level 27 Invocations


You had 80 spell levels left.
You didn't know any spells.

Dungeon Overview and Level Annotations

Branches:
Dungeon (1/1)

Altars:
Makhleb

Annotations:
D The Defiler


Innate Abilities, Weirdness & Mutations

Your body is rotting away.
You thrive on raw meat.
You are immune to poison.
You have sharp fingernails.
You are carnivorous and can eat meat at any time.
Your flesh is cold resistant. (rC+)
You are immune to negative energy. (rN+++)
You regenerate slowly when monsters are visible.
You are immune to unholy pain and torment.
You can survive without breathing.


Message History

You hear a shout!
The Defiler completely misses you.
You hear a shout! x5
The fleshlord points at you and mumbles some strange words.
You feel as though you will be slow longer.
You hear a shout!
The meat berserker hits you with a +9 battleaxe!!
The fleshlord mumbles some strange words.
You hear a shout!
A dread comes into view.
Unknown command.
The Defiler blocks your attack.
You slice the meat berserker!!
You hew the meat berserker savagely.
You kill the meat berserker!
Makhleb accepts your kill.
You feel better.
The Defiler hits you with a +9 demon whip of slashing!!!!!
Ouch! That really hurt!
* * * LOW HITPOINT WARNING * * *
You die...

.. ..... #.. ...#
#.. ...# .... .###.p
...###....
......###.........
......._..........
.....#..)).#.X.....
....X#_)@)_#%......
.....#o)@))#......#
#X......._.)))%.....
.......W###))%......
.L.###...X)).###....
...X.#..)D%).#......
...X.#..XW)..#.... .
...%....).).Wp%...
....%.))2))..%p..


You could see 2 fleshlords, The Defiler, 2 dreads and a bag of meat.

Vanquished Creatures
  8 hell beasts (D)
  5 greater mummies (D)
  3 great orbs of eyes (D)
  3 wraiths (D)
  12 vampire knights (D)
  33 ogres (D)
  8 liches (D)
  5 hydras (D)
  57 orcs (D)
  5 phantoms (D)
  6 hill giants (D)
  A skeletal warrior (D)
  2 large abominations (D)
  A small abomination (D)
  2 crawling corpses (D)
151 creatures vanquished.

Notes
Turn   | Place    | Note
-------+----------+-------------------------------------------
     0 | D        | eldor the Ghoul Warper began the quest for the Orb.
     0 | D        | Reached XP level 1. HP: 17/17 MP: 2/2
     3 | D        | Noticed a bag of meat
     3 | D        | Noticed a bag of meat
     4 | D        | Became a worshipper of Makhleb the Destroyer
     5 | D        | Noticed a bag of meat
     5 | D        | Noticed a bag of meat
     5 | D        | Noticed a bag of meat
     6 | D        | Noticed a bag of meat
     6 | D        | Noticed a bag of meat
     7 | D        | Noticed a meat berserker
     7 | D        | Killed a bag of meat
     7 | D        | Reached XP level 2. HP: 47/47 MP: 2/15
     7 | D        | Reached XP level 3. HP: 53/53 MP: 2/16
     7 | D        | Reached XP level 4. HP: 61/61 MP: 2/18
     7 | D        | Reached XP level 5. HP: 68/68 MP: 2/19
     7 | D        | Reached XP level 6. HP: 75/75 MP: 2/21
     7 | D        | Reached XP level 7. HP: 82/82 MP: 2/22
     7 | D        | Reached XP level 8. HP: 90/90 MP: 2/24
     7 | D        | Reached XP level 9. HP: 96/96 MP: 2/25
     7 | D        | Reached XP level 10. HP: 104/104 MP: 2/26
     7 | D        | Reached XP level 11. HP: 111/111 MP: 2/27
     7 | D        | Reached XP level 12. HP: 118/118 MP: 2/28
     8 | D        | Killed a bag of meat
     8 | D        | Reached * piety under Makhleb
     8 | D        | Reached skill level 5 in Throwing
     8 | D        | Reached skill level 5 in Armour
     8 | D        | Reached skill level 15 in Spellcasting
     8 | D        | Reached XP level 13. HP: 95/130 MP: 2/31
     8 | D        | Killed a meat berserker
     8 | D        | Reached skill level 15 in Dodging
     8 | D        | Reached XP level 14. HP: 106/146 MP: 2/34
     9 | D        | Noticed a bag of meat
     9 | D        | Noticed a meat berserker
     9 | D        | Killed a bag of meat
     9 | D        | Reached skill level 15 in Invocations
     9 | D        | Reached XP level 15. HP: 155/155 MP: 2/35
    10 | D        | Reached ** piety under Makhleb
    10 | D        | Reached XP level 16. HP: 163/167 MP: 3/38
    11 | D        | Noticed a meat berserker
    11 | D        | Killed a meat berserker
    11 | D        | Reached *** piety under Makhleb
    11 | D        | Reached XP level 17. HP: 180/180 MP: 3/40
    13 | D        | Noticed a large bag of meat
    15 | D        | Noticed a meat berserker
    15 | D        | Killed a meat berserker
    15 | D        | Reached **** piety under Makhleb
    15 | D        | Reached XP level 18. HP: 176/196 MP: 4/43
    15 | D        | Reached skill level 27 in Fighting
    15 | D        | Reached skill level 10 in Armour
    16 | D        | Noticed a meat berserker
    16 | D        | Reached XP level 19. HP: 207/207 MP: 4/45
    16 | D        | Reached ***** piety under Makhleb
    17 | D        | Noticed a meat berserker
    17 | D        | Noticed a meat berserker
    17 | D        | Reached skill level 27 in Axes
    17 | D        | Reached skill level 27 in Invocations
    18 | D        | Noticed a meat berserker
    18 | D        | Killed a large bag of meat
    18 | D        | Reached skill level 10 in Throwing
    18 | D        | Killed a meat berserker
    18 | D        | Reached skill level 27 in Spellcasting
    18 | D        | Reached XP level 20. HP: 165/216 MP: 5/50
    20 | D        | Noticed a meat berserker
    21 | D        | Reached skill level 15 in Armour
    21 | D        | Reached skill level 27 in Dodging
    22 | D        | Reached skill level 15 in Throwing
    22 | D        | Killed a meat berserker
    22 | D        | Reached XP level 21. HP: 224/224 MP: 6/51
    22 | D        | Killed a meat berserker
    22 | D        | Reached ****** piety under Makhleb
    23 | D        | Noticed a meat berserker
    23 | D        | Noticed a destroyer
    24 | D        | Killed a meat berserker
    24 | D        | Reached skill level 27 in Armour
    24 | D        | Reached XP level 22. HP: 209/233 MP: 6/52
    24 | D        | Reached skill level 27 in Throwing
    27 | D        | Reached XP level 23. HP: 240/240 MP: 7/53
    29 | D        | Noticed a destroyer
    29 | D        | Reached skill level 27 in Stealth
    29 | D        | Reached skill level 27 in Unarmed Combat
    30 | D        | Reached XP level 24. HP: 249/249 MP: 8/53
    32 | D        | Noticed a destroyer
    33 | D        | Killed a destroyer
    34 | D        | Killed a destroyer
    34 | D        | Reached XP level 25. HP: 257/257 MP: 9/53
    38 | D        | Noticed a destroyer
    39 | D        | Killed a destroyer
    39 | D        | Reached XP level 26. HP: 266/266 MP: 10/53
    42 | D        | Noticed a destroyer
    43 | D        | Noticed a destroyer
    44 | D        | Reached XP level 27. HP: 273/273 MP: 11/53
    45 | D        | Noticed a destroyer
    45 | D        | Killed a destroyer
    45 | D        | Killed a destroyer
    50 | D        | Killed a destroyer
    51 | D        | Killed a destroyer
    52 | D        | Noticed a destroyer
    56 | D        | Noticed an accursed
    58 | D        | Noticed a tyrant
    58 | D        | Killed a destroyer
    63 | D        | Noticed an accursed
    63 | D        | Noticed a tyrant
    64 | D        | Killed a tyrant
    66 | D        | Killed an accursed
    68 | D        | Killed a tyrant
    69 | D        | Noticed a meat beast
    69 | D        | Noticed an accursed
    69 | D        | Noticed a destroyer
    70 | D        | Noticed a meat beast
    71 | D        | Killed an accursed
    73 | D        | Noticed a meat beast
    73 | D        | Noticed a dread
    73 | D        | Killed a meat beast
    75 | D        | Killed a destroyer
    75 | D        | Killed a meat beast
    76 | D        | Killed a meat beast
    81 | D        | Killed an accursed
    81 | D        | Killed a dread
    83 | D        | Noticed a destroyer
    84 | D        | Noticed a tyrant
    85 | D        | Killed a destroyer
    93 | D        | Noticed a tyrant
    95 | D        | Noticed a tyrant
    95 | D        | Noticed a meat beast
    96 | D        | Noticed a tyrant
    97 | D        | Noticed a meat beast
    97 | D        | Noticed a tyrant
    97 | D        | Noticed a tyrant
    97 | D        | Noticed a destroyer
    98 | D        | Killed a meat beast
   100 | D        | Killed a meat beast
   102 | D        | Killed a destroyer
   104 | D        | Killed a tyrant
   104 | D        | Killed a tyrant
   106 | D        | Noticed a dread
   106 | D        | Killed a tyrant
   108 | D        | Noticed a meat beast
   108 | D        | Noticed a tyrant
   110 | D        | Killed a meat beast
   110 | D        | Killed a tyrant
   110 | D        | Noticed a tyrant
   113 | D        | Noticed a meat beast
   113 | D        | Noticed a meat beast
   114 | D        | Noticed a dread
   114 | D        | Noticed an accursed
   114 | D        | Killed a meat beast
   116 | D        | Noticed an accursed
   119 | D        | Killed a tyrant
   120 | D        | Killed an accursed
   121 | D        | Noticed a destroyer
   121 | D        | Killed a dread
   124 | D        | Killed a destroyer
   126 | D        | Noticed a dread
   126 | D        | Killed a tyrant
   126 | D        | Killed an accursed
   127 | D        | Killed a meat beast
   128 | D        | Noticed a fleshlord
   128 | D        | Noticed The Defiler
   131 | D        | Killed a dread
   133 | D        | Noticed a fleshlord
   134 | D        | Noticed a dread
   134 | D        | Demolished by The Defiler

Skill      XL: |  1  2  3  4  5  6  7  8  9 10 11 12 13 14 15 16 17 18 19 20 21 22 23 |
---------------+----------------------------------------------------------------------+-----
Fighting       | 14 16 19 21 23 25 27 | 27.0
Axes           | 13 14 16 17 19 21 24 26 27 | 27.0
Throwing       | 4 5 6 7 8 9 11 19 25 27 | 27.0
Armour         | 4 5 6 7 8 9 10 12 21 27 | 27.0
Dodging        | 12 13 15 16 17 18 20 21 24 27 | 27.0
Spellcasting   | 13 15 17 19 20 22 23 27 | 27.0
Invocations    | 9 13 15 17 20 23 25 27 | 27.0
Stealth        | 22 27 | 27.0
Unarmed Combat | 20 27 | 27.0
Translocations | |  2.6

Action                   |  1- 3 |  4- 6 |  7- 9 | 10-12 | 13-15 | 16-18 | 19-21 | 22-24 | 25-27 || total
-------------------------+-------+-------+-------+-------+-------+-------+-------+-------+-------++-------
Melee: Executioner's axe |     1 |       |       |     1 |     2 |     4 |     6 |     7 |    61 ||    82
Invok: Greater Servant o |       |       |       |       |       |       |       |       |     5 ||     5
Armor: Leather armour    |       |       |       |       |       |       |       |       |     2 ||     2
Dodge: Dodged            |       |       |       |       |     1 |     1 |       |       |    17 ||    19
